 Dungeon Sprint DCSS version 0.27.0-1-g7a089689b8 (webtiles) character file.

Game seed: 11239394706242535064

8647 Groucho the Imperceptible (level 11, -12/58 HPs)
             Began as a Felid Berserker on Aug 5, 2021.
             Was the Champion of Trog.
             Killed from afar by an ice dragon (37 damage)
             ... with a blast of cold
             ... in the Dungeon (Sprint IX: "|||||||||||||||||||||||||||||").
             The game lasted 00:07:58 (4852 turns).

Groucho the Imperceptible (Felid Berserker)         Turns: 4852, Time: 00:07:58

Health: -12/58     AC:  2    Str: 16    XL:     11   Next: 12%
Magic:  12/12      EV: 35    Int:  8    God:    Trog [******]
Gold:   1904       SH:  0    Dex: 23    Spells: 10/10 levels left
                                        Lives:  0   Deaths: 3

rFire    . . .     SeeInvis +     - Unarmed
rCold    . . .     Faith    .   (shield unavailable)
rNeg     . . .     Spirit   .   (armour unavailable)
rPois    .         Reflect  .   (helmet unavailable)
rElec    .         Harm     .   (cloak unavailable)
rCorr    .         Rampage  .   (gloves unavailable)
Will     +....     NoTele   +   (boots unavailable)
Stlth    +++++++++.             (no amulet)
HPRegen  0.19/turn              h - +3 ring of dexterity
MPRegen  0.13/turn              i - +3 ring of dexterity

@: quick
A: very small, claws 1, fangs 3, see invisible, speed 1, shaggy fur 2, stealthy
paws, no weapons or thrown items, no armour, multi-lived
a: Renounce Religion, Berserk, Trog's Hand, Brothers in Arms


You were in the Dungeon.
You worshipped Trog.
Trog was exalted by your worship.
You visited 1 branch You collected 1904 gold pieces.

Inventory:

Jewellery
 h - a +3 ring of dexterity (left paw)
 i - a +3 ring of dexterity (right paw)
 n - a ring of fire
 o - a ring of protection from cold
 p - a ring of willpower
Wands
 g - a wand of acid (10)
 m - a wand of iceblast (10)
Scrolls
 f - 4 scrolls of blinking
 k - 3 scrolls of fog
 l - a scroll of fear
 r - a scroll of identify
Potions
 a - 5 potions of curing
 b - 3 potions of heal wounds
 c - a potion of haste
 d - 4 potions of magic
 e - a potion of invisibility
 j - 4 potions of berserk rage
 q - 2 potions of might


   Skills:
 + Level 13.6 Fighting
 + Level 17.0 Dodging
 * Level 23.7 Stealth
 + Level 13.6 Unarmed Combat


You had 10 spell levels left.
You didn't know any spells.
Your spell library was empty.

Dungeon Overview and Level Annotations

Branches:
Dungeon (1/1)

Altars:
Cheibriados
Dithmenos
Elyvilon
Fedhas
Gozag
Hepliaklqana
Kikubaaqudgha
Makhleb
Nemelex Xobeh
Okawaru
Qazlal
Ru
Sif Muna
Trog
Uskayaw
Vehumet
Wu Jian
Xom
Yredelemnul
Zin
The Shining One
Beogh
Jiyva
Lugonu

Shops:
D [!*(


Innate Abilities, Weirdness & Mutations

You have sharp claws.
You have razor-sharp teeth.
You have supernaturally acute eyesight. (SInv)
You cover ground quickly. (Speed+)
You are covered in thick fur. (AC +2)
Your paws help you pounce on unaware monsters.
You are incapable of wielding weapons or throwing items.
You cannot wear armour.
You gain extra lives every three experience levels.


Message History

Trog accepts your kill.
Trog appreciates your killing of a magic user.
Your iron troll barely misses the ettin. x3
Unknown command.
Your iron troll bites the ettin!!!
Your iron troll claws the ettin but does no damage. x2
The ettin completely misses your iron troll.
The ettin hits your iron troll but does no damage.
Unknown command.
Your iron troll bites the ettin!!!
The ettin dies!
Trog accepts your kill.
A glowing orange brain comes into view.
You have reached level 11!
An ettin comes into view. It is wielding two +0 dire flails.
You see here 2 scrolls of enchant weapon.
Your iron troll barely misses the glowing orange brain.
Your iron troll claws the glowing orange brain!!
Your iron troll claws the glowing orange brain.
Unknown command.
An ice dragon comes into view.
Your iron troll bites the glowing orange brain!!!
The glowing orange brain dies!
Trog accepts your kill.
There is an open door to the Dungeon, spattered with blood here.
Items here: )) [[ ††.
Your iron troll bites the ettin!!!
Your iron troll claws the ettin!!
The ettin dies!
Trog accepts your kill.
Your Dodging skill increases to level 17!
You see here a +0 short sword.
Unknown command.
Unknown command.
Unknown command.
The ice dragon breathes frost at you.
The blast of cold hits your iron troll!!
Your iron troll resists.
The blast of cold hits you!!!
Ouch! That really hurt!
You die...

▓_▓.▓.▓.▓.▓.▓.▓
▓_▓.▓.▓.▓.▓.▓.▓
▓_▓.▓.▓.▓.▓.▓.▓
▓_▓.▓.▓.▓.▓.▓.▓
▓_▓.▓.▓.▓)▓.▓.▓
▓_▓.▓.▓.▓'▓.▓?▓
▓'▓.▓'▓.▓)▓.▓.▓
▓.▓.▓.▓.▓)▓.▓)▓
▓?▓.▓.▓)▓)▓.▓@▓
▓)▓.▓.▓.▓)▓.▓)▓
▓.▓.▓.▓.▓)▓.▓)▓
▓[▓.▓.▓.▓∩▓.▓T▓
▓[▓.▓.▓.▓)▓.▓D▓
▓[▓.▓.▓.▓∩▓.▓.▓
▓.▓.▓.▓.▓)▓.▓.▓
▓.▓.▓)▓.▓∩▓.▓.▓
▓'▓.▓[▓.▓)▓.▓


You could see an ice dragon (catching breath, ally target) and a friendly iron
troll (summoned, berserk).

Vanquished Creatures
  2 boulder beetles (D)
  A catoblepas (D)
  Urug (D)
  3 orc high priests (D)
  An orc sorcerer (D)
  A manticore (D)
  A cyclops (D)
  A black mamba (D)
  3 cane toads (D)
  Psyche (D)
  A troll (D)
  A blink frog (D)
  A vampire (D)
  A basilisk (D)
  A yak (D)
  3 vampire mosquitoes (D)
  2 water moccasins (D)
  3 orc warriors (D)
  3 centaurs (D)
  5 bullfrogs (D)
  A wight (D)
  A hound (D)
  A jelly (D)
  13 orc priests (D)
  4 orc wizards (D)
  An ufetubus (D)
  A worm (D)
  5 orcs (D)
  A hobgoblin (D)
  A jackal (D)
  A quokka (D)
  A ball python (D)
  A ball python zombie (D)
  A quokka zombie (D)
  A rat (D)
70 creatures vanquished.

Vanquished Creatures (collateral kills)
  2 ettins (D)
  An ogre mage (D)
  A tengu warrior (D)
  An orc high priest (D)
  A glowing orange brain (D)
  2 deep elf pyromancers (D)
  An orc knight (D)
  2 orc sorcerers (D)
  A cane toad (D)
  A komodo dragon (D)
  A meliai (D)
  A blink frog (D)
  A yak (D)
  2 basilisks (D)
  2 water moccasins (D)
  6 orc warriors (D)
  A boggart (D)
  A wolf (D)
  An orc (D)
29 creatures vanquished.

Grand Total: 99 creatures vanquished

Notes
Turn   | Place    | Note
-------+----------+-------------------------------------------
     0 | D        | Groucho the Felid Berserker began the quest for the Orb.
     0 | D        | Reached XP level 1. HP: 10/10 MP: 2/2
     6 | D        | Reached skill level 1 in Stealth
     8 | D        | Reached skill level 2 in Stealth
    11 | D        | Reached ** piety under Trog
    73 | D        | Noticed a jelly
    73 | D        | Noticed a centaur
    73 | D        | Noticed a hound
    82 | D        | Reached skill level 3 in Stealth
    82 | D        | Reached XP level 2. HP: 14/14 MP: 3/3
    83 | D        | Reached *** piety under Trog
    84 | D        | Reached skill level 5 in Dodging
    84 | D        | Reached skill level 5 in Stealth
    84 | D        | Reached XP level 3. HP: 18/18 MP: 4/4
    90 | D        | Killed a centaur
    91 | D        | Reached skill level 5 in Fighting
    91 | D        | Reached skill level 8 in Stealth
    91 | D        | Reached skill level 5 in Unarmed Combat
    91 | D        | Reached XP level 4. HP: 15/23 MP: 5/5
    98 | D        | Reached skill level 9 in Stealth
    98 | D        | Reached XP level 5. HP: 11/26 MP: 6/6
   528 | D        | Found a snail-covered altar of Cheibriados.
   528 | D        | Found a shadowy altar of Dithmenos.
   528 | D        | Found a white marble altar of Elyvilon.
   528 | D        | Found a blossoming altar of Fedhas.
   528 | D        | Found an opulent altar of Gozag.
   529 | D        | Found a hazy altar of Hepliaklqana.
   530 | D        | Found a viscous altar of Jiyva.
   531 | D        | Found an ancient bone altar of Kikubaaqudgha.
   532 | D        | Found a corrupted altar of Lugonu.
   533 | D        | Found a burning altar of Makhleb.
   534 | D        | Found a sparkling altar of Nemelex Xobeh.
   535 | D        | Found an iron altar of Okawaru.
   536 | D        | Found a stormy altar of Qazlal.
   537 | D        | Found a sacrificial altar of Ru.
   538 | D        | Found a shimmering blue altar of Sif Muna.
   539 | D        | Found a bloodstained altar of Trog.
   540 | D        | Found a hide-covered altar of Uskayaw.
   541 | D        | Found a radiant altar of Vehumet.
   542 | D        | Found an ornate altar of the Wu Jian Council.
   543 | D        | Found a shimmering altar of Xom.
   544 | D        | Found a basalt altar of Yredelemnul.
   545 | D        | Found a glowing silver altar of Zin.
   546 | D        | Found a glowing golden altar of the Shining One.
   572 | D        | Noticed a troll
   572 | D        | Noticed an orc warrior
   572 | D        | Noticed a centaur
   574 | D        | Killed a troll
   574 | D        | Reached **** piety under Trog
   575 | D        | Reached skill level 12 in Stealth
   575 | D        | Gained mutation: You are covered in thick fur. (AC +2)
                  | [Felid growth]
   575 | D        | Reached XP level 6. HP: 31/31 MP: 7/7
   576 | D        | Killed an orc warrior
   579 | D        | Reached skill level 13 in Stealth
   579 | D        | Reached XP level 7. HP: 36/36 MP: 8/8
   740 | D        | Noticed a vampire
   740 | D        | Noticed a cyclops
   740 | D        | Noticed a boulder beetle
   740 | D        | Noticed a manticore
   740 | D        | Noticed a basilisk
   742 | D        | Killed a vampire
   742 | D        | Reached ***** piety under Trog
   743 | D        | Reached skill level 10 in Dodging
   743 | D        | Reached skill level 14 in Stealth
   746 | D        | Killed a cyclops
   747 | D        | Reached skill level 15 in Stealth
   747 | D        | Reached XP level 8. HP: 41/41 MP: 9/9
   757 | D        | Killed a boulder beetle
   757 | D        | Killed from afar by a manticore
   758 | D        | Reached XP level 7. HP: -1/55 MP: 8/8
   758 | D        | Reached skill level 16 in Stealth
   758 | D        | Reached XP level 8. HP: 42/42 MP: 9/9
  1191 | D        | Killed a manticore
  1192 | D        | Reached skill level 10 in Fighting
  1192 | D        | Reached skill level 17 in Stealth
  1192 | D        | Reached skill level 10 in Unarmed Combat
  1573 | D        | Noticed a komodo dragon
  1573 | D        | Noticed a cane toad
  1573 | D        | Noticed a blink frog
  1583 | D        | Reached XP level 9. HP: 35/46 MP: 10/10
  1590 | D        | Killed a komodo dragon
  1591 | D        | Reached skill level 18 in Stealth
  1594 | D        | Killed a cane toad
  1627 | D        | Noticed a cane toad
  1627 | D        | Noticed a black mamba
  1627 | D        | Noticed a catoblepas
  1627 | D        | Noticed a boulder beetle
  1631 | D        | Reached ****** piety under Trog
  1632 | D        | Noticed a cane toad
  1880 | D        | HP: 3/70 [catoblepas (4)]
  1883 | D        | Killed from afar by a catoblepas
  1884 | D        | Reached XP level 8. HP: -4/44 MP: 9/9
  1960 | D        | Killed a catoblepas
  1961 | D        | Reached skill level 19 in Stealth
  1961 | D        | Reached XP level 9. HP: 14/48 MP: 10/10
  1965 | D        | Killed a cane toad
  1970 | D        | Killed a black mamba
  3028 | D        | Killed a boulder beetle
  3029 | D        | Reached skill level 20 in Stealth
  3458 | D        | Killed a cane toad
  3517 | D        | Noticed a cane toad
  3520 | D        | Reached XP level 10. HP: 53/53 MP: 11/11
  3521 | D        | Killed a cane toad
  3547 | D        | Reached skill level 15 in Dodging
  3552 | D        | Reached skill level 21 in Stealth
  3626 | D        | Noticed Urug
  3637 | D        | Killed Urug
  4127 | D        | Noticed an orc sorcerer
  4129 | D        | Noticed an orc sorcerer
  4168 | D        | Killed an orc sorcerer
  4169 | D        | Killed an orc sorcerer
  4178 | D        | Noticed an orc high priest
  4181 | D        | Killed from afar by an orc high priest
  4182 | D        | Reached XP level 9. HP: 0/49 MP: 10/10
  4333 | D        | Noticed an ice devil
  4335 | D        | Killed an orc high priest
  4352 | D        | Noticed an orc sorcerer
  4362 | D        | Killed an orc sorcerer
  4363 | D        | Reached skill level 22 in Stealth
  4363 | D        | Reached XP level 10. HP: 51/54 MP: 11/11
  4573 | D        | Found Cawubil's Armour Emporium.
  4573 | D        | Noticed an orc high priest
  4573 | D        | Noticed an orc high priest
  4573 | D        | Noticed an orc high priest
  4575 | D        | Killed an orc high priest
  4576 | D        | Found Ufrok's Distillery.
  4577 | D        | Killed an orc high priest
  4580 | D        | Found Toihops's General Store.
  4581 | D        | Killed an orc high priest
  4584 | D        | Found Egudd's Weapon Shoppe.
  4701 | D        | Noticed Psyche
  4712 | D        | Killed Psyche
  4812 | D        | Noticed an orc knight
  4812 | D        | Noticed a deep elf pyromancer
  4812 | D        | Noticed an ogre mage
  4813 | D        | Noticed a tengu warrior
  4827 | D        | Killed an orc knight
  4828 | D        | Reached skill level 23 in Stealth
  4837 | D        | Killed a deep elf pyromancer
  4839 | D        | Killed an ogre mage
  4839 | D        | Noticed a deep elf pyromancer
  4841 | D        | Killed a tengu warrior
  4843 | D        | Noticed an ettin
  4843 | D        | Killed a deep elf pyromancer
  4846 | D        | Killed an ettin
  4846 | D        | Noticed a glowing orange brain
  4847 | D        | Reached XP level 11. HP: 24/58 MP: 12/12
  4847 | D        | Noticed an ettin
  4849 | D        | Noticed an ice dragon
  4849 | D        | Killed a glowing orange brain
  4850 | D        | Killed an ettin
  4852 | D        | Killed from afar by an ice dragon

Illustrated notes

Levels and vault maps discovered:
D:        linesprint [early_d, line_temple, items_1, d_10, items_2, lair_1,
          lair_end, items_3, orc_1, orc_end, items_4, d_15, swamp_1, shoals_1,
          snake_1, spider_1, d_20, vaults_1, items_5, swamp_end, shoals_end,
          snake_end, spider_end, vaults_end, d_27, items_6, zot_1, zot_end,
          crypt_end, forest_end, elf_end, slime_end, tomb_end, abyss_end,
          pan_hell_end]

Skill      XL: |  1  2  3  4  5  6  7  8  9 10 11 |
---------------+----------------------------------+-----
Stealth        | 3 5 8 9 12 13 16 19 22 23 | 23.7
Fighting       | 4 5 6 7 9 11 13 | 13.6
Dodging        | 5 6 7 9 12 14 16 17 | 17.0
Unarmed Combat | 4 5 6 7 9 11 13 | 13.6

Action                   |  1- 3 |  4- 6 |  7- 9 | 10-12 || total
-------------------------+-------+-------+-------+-------++-------
Melee: Unarmed           |    26 |    10 |   101 |   102 ||   239
       Bite              |     2 |       |    20 |    13 ||    35
       Punch             |       |       |     5 |     5 ||    10
Invok: Berserk           |       |       |     8 |     3 ||    11
       Trog's Hand       |       |       |     6 |     3 ||     9
       Brothers in Arms  |       |       |     4 |     6 ||    10
  Use: Potion            |     1 |       |     1 |     4 ||     6
 Stab: Sleeping          |       |     3 |     6 |     9 ||    18
Armor: Skin              |     1 |     1 |     1 |       ||     3
Dodge: Dodged            |    14 |     3 |    54 |    74 ||   145
